 Dungeon Crawl Stone Soup version 0.29-a0-330-g52719c12eb (webtiles) character file.

Game seed: 4741206081713928921

2490 Crownlay the Frost Mage (level 9, 0/66 HPs)
             Began as a Gnoll Ice Elementalist on Apr 30, 2022.
             Was an Initiate of Qazlal.
             Slain by an unseen horror (5 damage)
             ... on level 7 of the Dungeon.
             The game lasted 00:11:46 (9662 turns).

Crownlay the Frost Mage (Gnoll Ice Elementalist)    Turns: 9662, Time: 00:11:47

Health: 0/66       AC:  7    Str:  8    XL:     9   Next: 52%
Magic:  15/19      EV: 13    Int: 26    God:    Qazlal [......]
Gold:   490        SH:  0    Dex: 12    Spells: 4/21 levels left

rFire   . . .      SeeInvis .   k - +4 morningstar
rCold   . . .      Faith    .   (no shield)
rNeg    . . .      Spirit   .   u - +2 leather armour "Qutuoh" {Will+ Int+7}
rPois   .          Reflect  .   s - +1 helmet
rElec   .          Harm     .   y - scarf {repulsion}
rCorr   .          Rampage  .   (no gloves)
Will    +....                   (no boots)
Stlth   +++.......              (no amulet)
HPRegen 0.21/turn               l - ring of flight
MPRegen 0.16/turn               (no ring)

@: flying, repel missiles
A: fangs 1, strong nose, distributed training
a: Renounce Religion


You were on level 7 of the Dungeon.
You worshipped Qazlal.
Qazlal was noncommittal.
You visited 2 branches of the dungeon, and saw 8 of its levels.

You collected 570 gold pieces.
You spent 80 gold pieces at shops.

Inventory:

Hand Weapons
 k - a +4 morningstar (weapon)
Missiles
 D - a throwing net
 E - 6 javelins
Armour
 s - a +1 helmet (worn)
 u - the +2 leather armour "Qutuoh" (worn) {Will+ Int+7}
   (You found it on level 3 of the Dungeon)

   Int:       It affects your intelligence (+7).
   Will:      It increases your willpower.
 y - a scarf of repulsion (worn)
Magical Staves
 o - a staff of earth
Jewellery
 l - a ring of flight (left hand)
 v - a ring of see invisible
 G - a +6 ring of dexterity
Wands
 e - a wand of acid (17)
 r - a wand of flame (31)
 F - a wand of iceblast (13)
Scrolls
 a - a scroll of teleportation
 d - a scroll of brand weapon
 g - a scroll of holy word
 j - a scroll of blinking
 m - a scroll of fog {unknown}
 q - a scroll of amnesia {unknown}
 t - a scroll of magic mapping {unknown}
 B - a scroll of fear {unknown}
Potions
 b - a potion of magic
 c - a potion of attraction {unknown}
 f - 2 potions of haste {unknown}
 h - a potion of heal wounds {unknown}
 i - a potion of curing
 n - a potion of brilliance {unknown}
 p - 3 potions of flight {unknown}
 w - a potion of berserk rage {unknown}
 x - a potion of cancellation {unknown}
 z - a potion of might {unknown}
 A - a potion of degeneration {unknown}
 C - a potion of lignification {unknown}
 H - a potion of ambrosia {unknown}


   Skills:
 + Level 4.3 Fighting
 + Level 4.3 Short Blades
 + Level 4.3 Long Blades
 + Level 4.3 Axes
 + Level 4.3 Maces & Flails
 + Level 4.3 Polearms
 + Level 4.3 Staves
 + Level 4.3 Slings
 + Level 4.3 Bows
 + Level 4.3 Crossbows
 + Level 4.3 Throwing
 + Level 4.3 Armour
 + Level 6.3 Dodging
 + Level 6.1 Stealth
 + Level 4.3 Shields
 + Level 4.3 Unarmed Combat
 + Level 6.7 Spellcasting
 + Level 3.5 Conjurations
 + Level 3.5 Hexes
 + Level 3.5 Summonings
 + Level 3.5 Necromancy
 + Level 3.5 Translocations
 + Level 3.5 Transmutations
 + Level 3.5 Fire Magic
 + Level 8.0 Ice Magic
 + Level 3.5 Air Magic
 + Level 3.5 Earth Magic
 + Level 3.5 Poison Magic
 + Level 4.7 Invocations
 + Level 4.3 Evocations


You had 4 spell levels left.
You knew the following spells:

 Your Spells              Type           Power      Damage    Failure   Level
a - Freeze                Ice            100%       1d11      1%          1
b - Frozen Ramparts       Ice            100%       1d12      1%          3
c - Ozocubu's Armour      Ice            50%        N/A       1%          3
d - Mephitic Cloud        Conj/Pois/Air  27%        N/A       6%          3
e - Summon Ice Beast      Ice/Summ       38%        N/A       9%          4
f - Swiftness             Air            27%        N/A       6%          3

Your spell library contained the following spells:

 Spells                   Type           Power      Damage    Failure   Level
 Animate Skeleton         Necr           54%        N/A       1%          1
 Apportation              Tloc           54%        N/A       1%          1
 Magic Dart               Conj           100%       1d8       1%          1
 Summon Small Mammal      Summ           100%       N/A       1%          1
 Ensorcelled Hibernation  Hex/Ice        76%        N/A       1%          2
 Call Imp                 Summ           27%        N/A       3%          2
 Corpse Rot               Necr/Air       54%        N/A       3%          2
 Passwall                 Tmut/Erth      22%        N/A       3%          2
 Spider Form              Tmut/Pois      27%        N/A       6%          3
 Hailstorm                Conj/Ice       38%        3d9       9%          4
 Anguish                  Hex/Necr       13%        N/A       21%         4
 Dispel Undead            Necr           27%        3d13      21%         4
 Petrify                  Tmut/Erth      27%        N/A       21%         4
 Metabolic Englaciation   Hex/Ice        19%        N/A       22%         5
 Summon Mana Viper        Hex/Summ       27%        N/A       50%         5
 Death Channel            Necr           13%        N/A       97%         6
 Statue Form              Tmut/Erth      18%        N/A       97%         6
 Monstrous Menagerie      Summ           13%        N/A       100%        7


Dungeon Overview and Level Annotations

Branches:
Dungeon (7/15)             Temple (1/1) D:4

Altars:
Ashenzari
Cheibriados
Dithmenos
Gozag
Hepliaklqana
Kikubaaqudgha
Nemelex Xobeh
Qazlal
Ru
Sif Muna
Trog
Vehumet
Wu Jian
Xom
Yredelemnul
The Shining One

Shops:
D:1 !   D:3 *


Innate Abilities, Weirdness & Mutations

You have very sharp teeth.
Your uncanny sense of smell can sniff out nearby items.
Your experience applies equally to all skills.


Message History

A scorpion comes into view.
There is a fountain of clear blue water here.
The yak bellows! x2
You hit the yak.
The yak is lightly wounded.
The yak barely misses you.
You sock the yak!
The yak is heavily wounded.
The jelly falls through a shaft!
The shaft crumbles and collapses.
The yak gores you! The yak closely misses you. The yak barely misses you.
The yak gores you but does no damage.
You barely miss the yak. You punch the yak.
The yak is heavily wounded.
The yak gores you. The yak gores you! The scorpion closely misses you.
You hit the yak but do no damage.
The yak is heavily wounded.
The yak gores you. The yak gores you but does no damage.
The scorpion stings you.
You sock the yak! You bite the yak, but do no damage.
The yak is severely wounded.
The scorpion stings you but does no damage.
The yak gores you! x2
* * * LOW HITPOINT WARNING * * *
The scorpion barely misses you.
You are too injured to fight recklessly!
You are too injured to fight recklessly!
You are too injured to fight recklessly!
The yak attacks as you move away! The yak misses you.
Something hits you but does no damage.
Deactivating autopickup; reactivate with Ctrl-A.
The yak gores you!
* * * LOW HITPOINT WARNING * * *
Blink to where?
Press: ? - help, Dir - move target
As you read the scroll of blinking, it crumbles to dust.
Casting: Frozen Ramparts (safe; 1% risk of failure)
Confirm with . or Enter, or press ? or * to list all spells.
A chill wind blows around you. Something hits you.
You die...

. .#####..#
##..#..........). ...
.........##..###...........
##.# ###.###.#.[[.##
#...........
8...8#.....#.###?)#
##..........
.....#.⌠.⌠.#.##)..##
##......(..
..8.....⌠....#.....#
########## #.⌠s⌠.#.#.....##
∆ #.....#........#
###.###....@Y..# ∆
#...YY.......#...#
#..########........ ∆.!...
###...##. ...#.. ...#
.?..#.. ..## #.# #.. .# ..
... .#


You could see 2 yaks and a friendly ice beast (summoned).

Vanquished Creatures
  Eustachio (D:4)
  A water moccasin (D:5)
  Duvessa (D:7)
  2 ogres
  A phantom (D:6)
  2 bullfrogs (D:7)
  A necrophage (D:6)
  5 scorpions
  5 wights
  Dowan (D:7)
  3 killer bees (D:7)
  3 howler monkeys (D:7)
  A hound (D:6)
  A gnoll shaman (D:6)
  2 jellies (D:5)
  Jessica (D:3)
  3 iguanas
  Terence (D:2)
  3 orc wizards (D:6)
  Robin (D:3)
  4 gnolls (D:6)
  7 adders
  A shadow imp (D:5)
  A white imp (D:5)
  2 ufetubi
  4 worms
  5 dart slugs
  8 orcs
  9 endoplasms
  2 giant cockroaches
  6 hobgoblins
  7 jackals
  3 quokkas
  12 ball pythons
  8 bats
  2 frilled lizards
  14 goblins
  8 kobolds
  3 rats
145 creatures vanquished.

Vanquished Creatures (collateral kills)
  Maggie (D:7)
  An orc priest (D:6)
2 creatures vanquished.

Grand Total: 147 creatures vanquished

Notes
Turn   | Place    | Note
-------+----------+-------------------------------------------
     0 | D:1      | Crownlay the Gnoll Ice Elementalist began the quest for the
                  | Orb.
     0 | D:1      | Reached XP level 1. HP: 13/13 MP: 6/6
   356 | D:1      | Found Kib Zoqo's Distillery.
   360 | D:1      | Bought a potion of curing for 30 gold pieces
   384 | D:1      | Reached XP level 2. HP: 19/19 MP: 7/7
   616 | D:1      | Found a faded altar of an unknown god.
  1259 | D:2      | Reached XP level 3. HP: 4/25 MP: 6/9
  1260 | D:2      | Reached skill level 5 in Spellcasting
  1597 | D:1      | Learned a level 3 spell: Frozen Ramparts
  1601 | D:1      | Learned a level 3 spell: Ozocubu's Armour
  1830 | D:2      | Noticed Terence
  1845 | D:2      | Killed Terence
  1846 | D:2      | Reached skill level 1 in Fighting
  1846 | D:2      | Reached skill level 1 in Short Blades
  1846 | D:2      | Reached skill level 1 in Long Blades
  1846 | D:2      | Reached skill level 1 in Axes
  1846 | D:2      | Reached skill level 1 in Maces & Flails
  1846 | D:2      | Reached skill level 1 in Polearms
  1846 | D:2      | Reached skill level 1 in Staves
  1846 | D:2      | Reached skill level 1 in Slings
  1846 | D:2      | Reached skill level 1 in Bows
  1846 | D:2      | Reached skill level 1 in Crossbows
  1846 | D:2      | Reached skill level 1 in Throwing
  1846 | D:2      | Reached skill level 1 in Armour
  1846 | D:2      | Reached skill level 1 in Shields
  1846 | D:2      | Reached skill level 1 in Unarmed Combat
  1846 | D:2      | Reached skill level 1 in Invocations
  1846 | D:2      | Reached skill level 1 in Evocations
  1978 | D:2      | Reached XP level 4. HP: 17/32 MP: 11/11
  2919 | D:2      | Learned a level 3 spell: Mephitic Cloud
  3513 | D:3      | Reached skill level 1 in Conjurations
  3513 | D:3      | Reached skill level 1 in Hexes
  3513 | D:3      | Reached skill level 1 in Summonings
  3513 | D:3      | Reached skill level 1 in Necromancy
  3513 | D:3      | Reached skill level 1 in Translocations
  3513 | D:3      | Reached skill level 1 in Transmutations
  3513 | D:3      | Reached skill level 1 in Fire Magic
  3513 | D:3      | Reached skill level 1 in Air Magic
  3513 | D:3      | Reached skill level 1 in Earth Magic
  3513 | D:3      | Reached skill level 1 in Poison Magic
  3567 | D:3      | Noticed Robin
  3570 | D:3      | Killed Robin
  3599 | D:3      | Noticed Jessica
  3601 | D:3      | Killed Jessica
  3602 | D:3      | Reached XP level 5. HP: 31/37 MP: 0/12
  3876 | D:3      | Found Fisurogo's Assorted Antiques.
  3879 | D:3      | Bought a scroll labelled TUEVUI YHUY for 25 gold pieces
  3879 | D:3      | Bought a scroll labelled FAPTUDETWI for 25 gold pieces
  4086 | D:3      | Identified the +2 leather armour "Qutuoh" {Will+ Int+7}
  4942 | D:4      | Reached XP level 6. HP: 44/44 MP: 14/14
  4956 | D:4      | Reached skill level 5 in Dodging
  5285 | D:4      | Learned a level 4 spell: Summon Ice Beast
  5293 | D:4      | Found a staircase to the Ecumenical Temple.
  5305 | Temple   | Entered the Ecumenical Temple
  5335 | Temple   | Became a worshipper of Qazlal Stormbringer
  5492 | D:4      | Reached XP level 7. HP: 43/50 MP: 15/15
  5643 | D:4      | Noticed Eustachio
  5663 | D:4      | Killed Eustachio
  5872 | D:4      | Found a shimmering blue altar of Sif Muna.
  5883 | D:5      | Entered Level 5 of the Dungeon
  5893 | D:5      | Reached skill level 5 in Stealth
  6193 | D:5      | Found a radiant altar of Vehumet.
  6969 | D:5      | Reached XP level 8. HP: 28/57 MP: 16/16
  7449 | D:6      | Found a sacrificial altar of Ru.
  8032 | D:6      | Found a broken altar of Ashenzari.
  8488 | D:7      | Reached * piety under Qazlal
  8491 | D:7      | Reached XP level 9. HP: 57/65 MP: 12/18
  8496 | D:7      | Noticed Duvessa
  8506 | D:7      | Noticed Dowan
  8510 | D:7      | Killed Duvessa
  8520 | D:7      | Killed Dowan
  9168 | D:6      | Learned a level 3 spell: Swiftness
  9183 | D:7      | HP: 2/60 [wight/+0 war axe (11)]
  9188 | D:7      | Reached skill level 8 in Ice Magic
  9495 | D:7      | Noticed Maggie
  9516 | D:7      | Killed Maggie
  9662 | D:7      | Slain by an unseen horror

Illustrated notes

Levels and vault maps discovered:
D:1:      dreamdust_arrival_sigmund_warning, layout_basic,
          shapermc_ecumenical_altar_hornbeckon, serial_shops, nicolae_shop_trees
D:2:      layout_basic, chequers_serial_rivers_large_a, minmay_vboxes,
          uniq_terence
D:3:      layout_loops_ring, serial_shops, nicolae_shop_behind_doors,
          nrook_uturn, minivault_27, uniq_jessica, uniq_robin
D:4:      layout_rooms, kennysheep_mini, minmay_temple_entry_butterflies,
          uniq_eustachio
D:5:      layout_gridville, mainiacjoe_overflow_small_starburst
D:6:      layout_gridville, cheibrodos_ashenzari_chains,
          nicolae_ru_great_annihilating_truth
D:7:      layout_cave_pods, bloody_makhleb, fedhas_bush_and_centaur_altar,
          minmay_misc_feat_cross, grunt_ministairs_1, minmay_chambers_of_fives,
          uniq_pikel, uniq_duvessa, uniq_maggie
Temple:   minmay_temple_bridge_abc

Skill      XL: |  1  2  3  4  5  6  7  8  9 |
---------------+----------------------------+-----
Spellcasting   | 5 6 |  6.7
Fighting       | 1 2 3 4 |  4.3
Short Blades   | 1 2 3 4 |  4.3
Long Blades    | 1 2 3 4 |  4.3
Axes           | 1 2 3 4 |  4.3
Maces & Flails | 1 2 3 4 |  4.3
Polearms       | 1 2 3 4 |  4.3
Staves         | 1 2 3 4 |  4.3
Slings         | 1 2 3 4 |  4.3
Bows           | 1 2 3 4 |  4.3
Crossbows      | 1 2 3 4 |  4.3
Throwing       | 1 2 3 4 |  4.3
Armour         | 1 2 3 4 |  4.3
Shields        | 1 2 3 4 |  4.3
Unarmed Combat | 1 2 3 4 |  4.3
Invocations    | 1 2 3 4 |  4.7
Evocations     | 1 2 3 4 |  4.3
Conjurations   | 1 2 3 |  3.5
Hexes          | 1 2 3 |  3.5
Summonings     | 1 2 3 |  3.5
Necromancy     | 1 2 3 |  3.5
Translocations | 1 2 3 |  3.5
Transmutations | 1 2 3 |  3.5
Fire Magic     | 1 2 3 |  3.5
Air Magic      | 1 2 3 |  3.5
Earth Magic    | 1 2 3 |  3.5
Poison Magic   | 1 2 3 |  3.5
Dodging        | 5 6 |  6.3
Stealth        | 5 6 |  6.1
Ice Magic      | 8 |  8.0

Action                   |  1- 3 |  4- 6 |  7- 9 || total
-------------------------+-------+-------+-------++-------
Melee: Mace              |    61 |   123 |       ||   184
       Bite              |    10 |    25 |    20 ||    55
       Punch             |     2 |     4 |     4 ||    10
       Whip              |       |    90 |   177 ||   267
       Morningstar       |       |       |    17 ||    17
 Cast: Freeze            |    15 |     7 |     1 ||    23
       Frozen Ramparts   |     1 |     5 |    15 ||    21
       Ozocubu's Armour  |     1 |     2 |    11 ||    14
       Summon Ice Beast  |       |       |     6 ||     6
Evoke: Wand              |       |       |     2 ||     2
  Use: Scroll            |       |     4 |     5 ||     9
       Potion            |       |       |     2 ||     2
 Stab: Sleeping          |    10 |     7 |     9 ||    26
       Distracted        |       |     1 |       ||     1
       Paralysed         |       |       |     1 ||     1
Armor: Robe              |    18 |    30 |       ||    48
       Leather armour    |       |    47 |    51 ||    98
Dodge: Dodged            |    79 |   150 |   135 ||   364
Block: Other             |       |       |     5 ||     5

Table legend: (Time is in decaauts)
 A = Elapsed time spent in this place.
 B = Non-inter-level travel time spent in this place.
 C = Inter-level travel time spent in this place.
 D = Time resting spent in this place.
 E = Time spent auto-exploring this place.
 F = Levels seen in this place.
 G = Mean time per level.
                   A        B        C        D        E       F      G
               +--------+--------+--------+--------+--------+-----+--------+
         Total |   9737 |   9611 |    126 |    279 |   7934 |   8 | 1217.1 |
       Dungeon |   9578 |   9469 |    109 |    279 |   7813 |   7 | 1368.3 |
        Temple |    158 |    141 |     17 |      0 |    121 |   1 |  158.0 |
               +--------+--------+--------+--------+--------+-----+--------+

Top non-repeatable levels by time:
     D:2: 1937 daAuts
     D:6: 1788 daAuts
     D:1: 1608 daAuts
     D:3: 1447 daAuts
     D:5: 1382 daAuts
     D:4: 807 daAuts
     D:7: 606 daAuts
  Temple: 158 daAuts
